 Dungeon Crawl Stone Soup version 0.31.0-12-g77e489cdc1 (webtiles) character file.

Game seed: 12571333810690605080

282 NotreDorf the Apothecary (level 6, 0/44 HPs)
             Began as a Merfolk Alchemist on Feb 17, 2024.
             Slain by Grinder (1 damage)
             ... on level 3 of the Dungeon.
             The game lasted 00:11:45 (2205 turns).

NotreDorf the Apothecary (Merfolk Alchemist)        Turns: 2205, Time: 00:11:46

Health: 0/44       AC:  2    Str:  8    XL:     6   Next: 28%
Magic:  10/10      EV: 14    Int: 15    God:
Gold:   139        SH:  0    Dex: 16    Spells: 0/10 levels left

rFire   + . .        o - +0 trident
rCold   . . .        (no shield)
rNeg    . . .        a - +0 robe
rPois   .            (no helmet)
rElec   .            (no cloak)
rCorr   .            (no gloves)
SInv    .            (no boots)
Will    .....        (no amulet)
Stlth   +++          h - ring of protection from fire
HPRegen 0.27/turn    (no ring)
MPRegen 0.12/turn

%: no passive effects
@: no status effects
A: (nimble swimmer 2), mertail
a: no special abilities


You were on level 3 of the Dungeon.
You visited 1 branch of the dungeon, and saw 3 of its levels.

You collected 139 gold pieces.

Inventory:

Hand Weapons
 k - a +0 war axe of flaming
 o - a +0 trident (weapon)
Armour
 a - a +0 robe (worn)
 c - a +0 leather armour
Jewellery
 h - a ring of protection from fire (left hand)
Talismans
 m - a flux talisman
Wands
 n - a wand of iceblast (4)
Scrolls
 e - 2 scrolls of amnesia {unknown}
 g - 2 scrolls of enchant weapon {unknown}
 j - a scroll of identify {unknown}
Potions
 b - a potion of magic
 f - a potion of brilliance {unknown}
 i - a potion of mutation {unknown}
 l - a potion of invisibility {unknown}


   Skills:
 + Level 2.3 Fighting
 + Level 2.8 Polearms
 + Level 4.3 Dodging
 + Level 3.6 Stealth
 + Level 2.9 Spellcasting
 - Level 0.7 Conjurations
 + Level 5.1 Alchemy


You couldn't memorise any spells.
You knew the following spells:

 Your Spells              Type           Power      Damage    Failure   Level
a - Sting                 Conj/Alch      44%        1d5       6%          1
b - Mercury Vapours       Alch/Air       20%        N/A       11%         2
c - Mephitic Cloud        Conj/Alch/Air  8%         N/A       26%         3
d - Sticky Flame          Fire/Alch      10%        2d5       56%         4

Your spell library contained the following spells:

 Spells                   Type           Power      Damage    Failure   Level
 Shock                    Conj/Air       12%        1d3       17%         1
 Olgreb's Toxic Radiance  Alch           17%        N/A       24%         4
 Swiftness                Air            2%         N/A       52%         3
 Airstrike                Air            1%         2d(1-17)  90%         4


Dungeon Overview and Level Annotations

Branches:
Dungeon (3/15)

Altars:

Annotations:
D:3 Grinder


Innate Abilities, Weirdness & Mutations

((You are very nimble when in or above water. (Stealth+, EV+, Speed+++)))
Your lower body shifts to a powerful aquatic tail in water.


Message History

You hit Grinder but do no damage.
Grinder is lightly wounded.
Grinder gestures at you. Pain shoots through your body!
You hit Grinder.
Grinder is moderately wounded.
Grinder hits you.
You writhe in agony.
Grinder closely misses you.
You closely miss Grinder.
Grinder is moderately wounded.
Grinder closely misses you.
You closely miss Grinder.
Grinder is moderately wounded.
Grinder hits you.
You writhe in agony.
There are monsters nearby!
There are monsters nearby!
There are monsters nearby!
You hit Grinder but do no damage.
Grinder is moderately wounded.
Grinder hits you!
You writhe in agony.
Grinder blinks!
You hit the orc.
The orc is heavily wounded.
Grinder says, "Wait up."
The orc barely misses you.
You closely miss the orc.
The orc is heavily wounded.
The orc hits you with a +0 club. The orc misses you.
You hit the orc.
You kill the orc!
Grinder hits you!
* * * LOW HITPOINT WARNING * * *
You writhe in agony.
* * * LOW HITPOINT WARNING * * *
You closely miss Grinder.
Grinder is moderately wounded.
Grinder hits you!
* * * LOW HITPOINT WARNING * * *
You writhe in agony.
You die...
Grinder says, "Hey, I wasn't done torturing you yet!"

.)....... .............>#..B.#
....[.... ........##........J#
#.###########................
#.....#.....#.......#.##...#..
####..#..#..#...............
#..#..#..#..#....#....#.#
#..#..#..#..............#
##.##.##.##.#5$.........#
#..#..#..#..@###.........#
#..#..#..#...#.#.......###
#..#..#..#..#.⌠.#.#....#
#.....#......#.#.........
###########..###.##..####.
.................#
#.#.#####.##.##..# #..†... .#
####.### #


You could see Grinder.

Vanquished Creatures
  Sigmund (D:2)
  Natasha (D:3)
  A gnoll (D:1)
  2 adders (D:2)
  A dart slug (D:1)
  A ribbon worm (D:2)
  2 orcs (D:3)
  8 bats
  5 endoplasms
  2 giant cockroaches
  5 goblins
  5 hobgoblins
  2 quokkas (D:2)
  4 ball pythons
  2 frilled lizards (D:1)
  5 kobolds
  9 rats
56 creatures vanquished.

Notes
Turn   | Place    | Note
-------+----------+-------------------------------------------
     0 | D:1      | NotreDorf the Merfolk Alchemist began the quest for the
                  | Orb.
     0 | D:1      | Reached XP level 1. HP: 13/13 MP: 3/3
   242 | D:1      | Reached XP level 2. HP: 14/20 MP: 0/5
   568 | D:1      | Reached skill level 1 in Polearms
   568 | D:1      | Reached XP level 3. HP: 22/25 MP: 3/6
   750 | D:1      | Learned a level 2 spell: Mercury Vapours
   788 | D:2      | Noticed Sigmund
   809 | D:2      | Killed Sigmund
   810 | D:2      | Reached XP level 4. HP: 12/33 MP: 0/8
   810 | D:2      | Reached XP level 5. HP: 13/38 MP: 0/9
  1204 | D:2      | Reached skill level 5 in Alchemy
  1228 | D:2      | Reached XP level 6. HP: 44/44 MP: 7/10
  1902 | D:2      | Learned a level 3 spell: Mephitic Cloud
  1907 | D:2      | Learned a level 4 spell: Sticky Flame
  1921 | D:3      | Noticed Grinder
  1951 | D:3      | Noticed Natasha
  1957 | D:3      | Killed Natasha
  2205 | D:3      | HP: 1/44 [Grinder (8)]
  2205 | D:3      | Slain by Grinder

Illustrated notes

Levels and vault maps discovered:
D:1:      ebering_trefoil_twist, layout_rooms, feat_on_display
D:2:      minmay_chambers_of_ones, layout_basic, uniq_sigmund
D:3:      minmay_angry_zag, layout_basic, grunt_dithmenos_smoke_and_mirrors,
          serial_shops, shop_statue, grunt_decor_one_mirror, uniq_natasha,
          uniq_robin, uniq_grinder

Skill      XL: |  1  2  3  4  5 |
---------------+----------------+-----
Dodging        | 3 4 |  4.3
Polearms       | 1 2 |  2.8
Fighting       | 2 |  2.3
Stealth        | 3 |  3.6
Alchemy        | 5 |  5.1
Spellcasting   | |  2.9
Conjurations   | |  0.7

Action                     |  1- 3 |  4- 6 || total
---------------------------+-------+-------++-------
  Melee: Spear             |    52 |    39 ||    91
         Punch             |       |     1 ||     1
         Trident           |       |    16 ||    16
   Cast: Sting             |    24 |    34 ||    58
         Mercury Vapours   |     2 |     1 ||     3
   Stab: Sleeping          |     2 |     1 ||     3
 Armour: Robe              |    30 |    18 ||    48
  Dodge: Dodged            |    42 |    22 ||    64
